 Dungeon Crawl Stone Soup version 0.29-a0-334-gb41bcbb86e (webtiles) character file.

Game seed: 15008089253363989405

6568 spaghetti the Tainter (level 11, -16/81 HPs)
             Began as a Naga Venom Mage on Apr 14, 2022.
             Was a Believer of Ru.
             Killed from afar by Lodul (33 damage)
             ... with a bolt of lightning
             ... on level 10 of the Dungeon.
             The game lasted 00:27:01 (15277 turns).

spaghetti the Tainter (Naga Venom Mage)            Turns: 15277, Time: 00:27:01

Health: -16/81     AC: 15    Str: 14    XL:     11   Next: 1%
Magic:  6/27       EV: 11    Int: 20    God:    Ru [**....]
Gold:   298        SH:  5    Dex: 11    Spells: 2/19 levels left

rFire   x . .      SeeInvis +   O - +6 halberd of Renetu {flame, rCorr Str+3, polearm}
rCold   x . .      Faith    .   (shield currently unavailable)
rNeg    . . .      Spirit   .   p - +0 steam dragon scales
rPois   +          Reflect  +   (no helmet)
rElec   .          Harm     .   o - +0 cloak
rCorr   +          Rampage  .   j - +1 pair of gloves
Will    +....      Clarity  +   (no barding)
Stlth   ++........              n - amulet of reflection
HPRegen 0.23/turn               v - ring of magical power
MPRegen 0.20/turn               C - +4 ring of protection

@: radiating poison, very slow
A: AC +3, large, see invisible, deformed body, poison resistance, slowness 2,
spit poison 1, naga tail 1, temperature sensitive, iridescent scales 1, clarity,
subdued magic 1
a: Spit Poison, Renounce Religion


You were on level 10 of the Dungeon.
You worshipped Ru.
Ru was pleased with you.
You visited 2 branches of the dungeon, and saw 12 of its levels.

You collected 541 gold pieces.
You spent 243 gold pieces at shops.


Innate Abilities, Weirdness & Mutations

Your serpentine skin is tough. (AC +3)
You have supernaturally acute eyesight. (SInv)
Armour fits poorly on your strangely shaped body.
Your system is resistant to poisons. (rPois)
You cover ground very slowly.
You can spit poison.
You have a snake-like lower body.
You are sensitive to extremes of temperature. (rF-, rC-)
You are partially covered in iridescent scales. (AC +2)
You possess an exceptional clarity of mind.
Your spells are a little easier to cast, but a little less powerful.


   Skills:
 + Level 5.3 Dodging
 - Level 3.0 Stealth
 + Level 6.0 Unarmed Combat
 + Level 4.7 Spellcasting
 * Level 10.5 Transmutations
 - Level 11.0 Poison Magic


You had 2 spell levels left.
You knew the following spells:

 Your Spells              Type           Power      Damage    Failure   Level
a - Sting                 Tmut/Pois      100%       1d8       1%          1
b - Poisonous Vapours     Pois/Air       40%        N/A       1%          2
c - Spider Form           Tmut/Pois      36%        N/A       1%          3
d - Blade Hands           Tmut           18%        N/A       3%          5
e - Wereblood             Tmut           36%        N/A       1%          2
f - Olgreb's Toxic Radia  Pois           37%        N/A       1%          4

Your spell library contained the following spells:

 Spells                   Type           Power      Damage    Failure   Level
 Beastly Appendage        Tmut           72%        N/A       1%          1
 Corpse Rot               Necr/Air       6%         N/A       16%         2
 Ensorcelled Hibernation  Hex/Ice        6%         N/A       16%         2
 Mephitic Cloud           Conj/Pois/Air  14%        N/A       6%          3
 Confusing Touch          Hex            3%         N/A       30%         3
 Yara's Violent Unravell  Hex/Tmut       9%         3d6       32%         5
 Anguish                  Hex/Necr       1%         N/A       71%         4
 Animate Armour           Summ/Erth      6%         N/A       71%         4
 Iron Shot                Conj/Erth      1%         9d1       100%        6
 Enfeeble                 Hex            1%         N/A       100%        7

Inventory:

Hand Weapons
 f - a +0 dagger {short}
   (You found it on level 1 of the Dungeon)
 h - a +2 dagger of holy wrath {short}
   (You took it off a goblin on level 1 of the Dungeon)
 O - the +6 halberd of Renetu (weapon) {flame, rCorr Str+3, polearm}
   (You bought it in a shop on level 9 of the Dungeon)

   It burns those it strikes, dealing additional fire damage.
   Big, fiery blades are also staple armaments of hydra-hunters.
   Str:       It affects your strength (+3).
   rCorr:     It protects you from acid and corrosion.
Missiles
 b - 2 datura-tipped darts {throwing}
 d - 346 stones {throwing}
 i - 30 poisoned darts {throwing}
 m - 6 atropa-tipped darts {throwing}
 s - 5 curare-tipped darts {=fthrowing}
 D - 8 boomerangs {throwing}
 N - a throwing net {=f!fthrowing}
 Q - 6 silver javelins {throwing}
Armour
 a - a +0 robe
 j - a +1 pair of gloves (worn)
   (You found it on level 2 of the Dungeon)
 o - a +0 cloak (worn)
   (You found it on level 3 of the Dungeon)
 p - +0 steam dragon scales (worn)
   (You took it off Maggie on level 6 of the Dungeon)
 F - the +2 chain mail of the Old and Reckless {rPois rN+ Dex-3}
   (You found it on level 7 of the Dungeon)

   Dex:       It affects your dexterity (-3).
   rPois:     It protects you from poison.
   rN:        It protects you from negative energy.
Magical Staves
 K - a staff of death {!astaff}
   (You found it on level 8 of the Dungeon)
Jewellery
 c - a +6 ring of strength
   (You found it on level 8 of the Dungeon)
 n - an amulet of reflection (around neck)
   (You found it on level 3 of the Dungeon)
 v - a ring of magical power (left hand)
   (You found it on level 5 of the Dungeon)
 C - a +4 ring of protection (right hand)
   (You found it on level 7 of the Dungeon)
Wands
 q - a wand of paralysis (3)
   (You found it on level 4 of the Dungeon)
 t - a wand of iceblast (5)
   (You found it on level 5 of the Dungeon)
 w - a wand of mindburst (17)
   (You found it on level 5 of the Dungeon)
 y - a wand of flame (11)
   (You found it on level 6 of the Dungeon)
 G - a wand of digging (5)
   (You found it on level 8 of the Dungeon)
Scrolls
 e - 5 scrolls of teleportation {@r4}
 g - 2 scrolls of brand weapon
 k - a scroll of enchant weapon
 r - 2 scrolls of holy word
 u - 2 scrolls of fog
 A - a scroll of immolation {!r!r}
 B - a scroll of magic mapping {!r}
 E - a scroll of noise {!r}
 H - a scroll of vulnerability {!r!r}
 I - a scroll of enchant armour
 M - 3 scrolls of identify {@r1}
 P - a scroll of amnesia {unknown}
Potions
 z - a potion of flight
 J - a potion of curing {@q1}
 L - 2 potions of lignification {!q}

Dungeon Overview and Level Annotations

Branches:
Dungeon (11/15)            Temple (1/1) D:6
   Lair: D:8-11         Orc: D:9-12

Altars:
Ashenzari
Cheibriados
Dithmenos
Elyvilon
Gozag
Hepliaklqana
Kikubaaqudgha
Makhleb
Nemelex Xobeh
Okawaru
Qazlal
Ru
Sif Muna
Trog
Uskayaw
Vehumet
Wu Jian
Xom
Yredelemnul
Zin
The Shining One

Shops:
D:9 (   D:11 =

Annotations:
D:6 2 runed translucent doors, Psyclone's ghost, novice OpIE
D:10 Lodul

#....#.# #......#
##.##### ### #.#
..! ##.## ....
#...# #... #...#
#...###...####
#.......@....#
#............#
#............#
#######...####
########OO.#
#.....##[..#
#.##.#..O...))O##
.....)..##.#####
#.##.#.....#


You could see Lodul (poisoned) and 2 two-headed ogres.


Message History

The two-headed ogre looks as sick as possible!
You feel a bit better.
You kill the two-headed ogre! 😨 HP[+4]
You regained 4 hp, and now have 32/75 hp. 😨 MP[+1]
You bite the two-headed ogre!
The two-headed ogre looks even sicker.
The two-headed ogre completely misses you.
The two-headed ogre barely misses you.
You hit the two-headed ogre.
The two-headed ogre looks as sick as possible!
Your transformation is almost over.
A two-headed ogre comes into view. It is wielding two +0 giant clubs.
The two-headed ogre misses you. The two-headed ogre closely misses you.
The two-headed ogre misses you.
The two-headed ogre completely misses you.
Things that are here:
a +0 giant club {mace}; a +0 giant club {mace}; a two-headed ogre corpse The two-headed ogre shouts in stereo!
You bite the two-headed ogre!
The two-headed ogre looks as sick as possible! 😨 HP[+1]
You hit the two-headed ogre.
The two-headed ogre looks as sick as possible!
You hiss as the wereblood boils in your veins!
You hear a shout!
The two-headed ogre hits you with a +0 giant club!
* * * LOW HITPOINT WARNING * * *
You block the two-headed ogre's attack.
The two-headed ogre completely misses you.
The two-headed ogre misses you.
An ogre comes into view.
It is wielding a +0 giant spiked club. 😨 HP[-12]
You take 12 damage, and now have 21/75 hp.
Unknown command.
You hit the two-headed ogre.
The two-headed ogre looks as sick as possible!
Lodul the Thundrous comes into view.
He is wielding a +0 dire flail.
The two-headed ogre misses you.
The two-headed ogre hits you with a +0 giant club!
* * * LOW HITPOINT WARNING * * *
😱 HP[-15] MP[+1]
You take 15 damage, and now have 6/75 hp.
Unknown command.
Unknown command.
You bite the two-headed ogre!
You feel a bit better.
You kill the two-headed ogre!
Your Unarmed Combat skill increases to level 6!
You have reached level 11! 😱 HP[+3]
You now have 81 max hp (+6).
You regained 3 hp, and now have 9/81 hp.
Okay, then.
You see here a +0 leather armour.
Your transformation has ended.
The +6 halberd of Renetu {flame, rCorr Str+3, polearm} unmelds from your body.
Your +0 cloak unmelds from your body.
Your +1 pair of gloves unmelds from your body.
Your +0 steam dragon scales unmelds from your body.
The +6 halberd of Renetu {flame, rCorr Str+3, polearm} bursts into flame! 😱 HP[+1]
Aiming: Iceblast
Press: ? - help, Shift-Dir - straight line The mass of ice explodes!
The iceblast engulfs the two-headed ogre!
The iceblast engulfs the two-headed ogre!!
The two-headed ogre misses you.
The two-headed ogre hits you with a +0 giant club!
* * * LOW HITPOINT WARNING * * *
😱 HP[-8] MP[+1]
You take 8 damage, and now have 2/81 hp.
Unknown command.
Unknown command.
Okay, then.
You feel much better.
You howl as the wereblood boils in your veins!
Your primal bloodlust is almost over.
The two-headed ogre closely misses you.
The two-headed ogre hits you with a +0 giant club!
* * * LOW HITPOINT WARNING * * *
😱 HP[+14]
You regained 14 hp, and now have 16/81 hp.
As you read the scroll of fear, it crumbles to dust.
You assume a fearsome visage.
The ogre looks frightened!
The two-headed ogre looks frightened! x3 😱 HP[+1] 😱 MP[+1]
The two-headed ogre seems to regain its courage.
Cornered, the two-headed ogre turns to fight!
Lodul shouts, "Intruder!"
Casting: Olgreb's Toxic Radiance (mildly dangerous; 1% risk of failure)
Confirm with . or Enter, or press ? or * to list all spells.
You begin to radiate toxic energy.
Lodul is poisoned.
The two-headed ogre is poisoned. x2
You kill the two-headed ogre!
The two-headed ogre looks even sicker.
Your primal bloodlust has ended.
Electricity crackles from Lodul's apparatus.
The bolt of lightning hits you!!
You die...

Skill      XL: |  1  2  3  4  5  6  7  8  9 10 |
---------------+-------------------------------+-----
Poison Magic   | 5 6 7 8 9 10 11 | 11.0
Transmutations | 3 4 5 7 8 10 | 10.5
Dodging        | 3 4 5 |  5.3
Unarmed Combat | 3 4 6 |  6.0
Spellcasting   | 3 4 |  4.7
Stealth        | |  3.0

Action                   |  1- 3 |  4- 6 |  7- 9 | 10-12 || total
-------------------------+-------+-------+-------+-------++-------
Melee: Unarmed           |     1 |    25 |   107 |    79 ||   212
       Dagger            |    16 |    31 |    79 |     4 ||   130
       Punch             |       |     2 |     5 |     1 ||     8
 Cast: Sting             |    69 |    25 |   170 |    31 ||   295
       Poisonous Vapours |    11 |    39 |    83 |    52 ||   185
       Spider Form       |       |     3 |    10 |     6 ||    19
       Olgreb's Toxic Ra |       |       |       |     4 ||     4
       Blade Hands       |       |       |       |     2 ||     2
       Wereblood         |       |       |       |     1 ||     1
Invok: Sacrifice Resista |       |       |     1 |       ||     1
 Abil: Spit Poison       |     8 |     3 |    12 |     5 ||    28
Evoke: Wand              |       |       |     3 |     2 ||     5
  Use: Potion            |       |     6 |     4 |     4 ||    14
       Scroll            |       |       |       |    12 ||    12
 Stab: Sleeping          |       |       |     1 |       ||     1
       Paralysed         |       |       |       |     2 ||     2
Armor: Robe              |    16 |    21 |    51 |       ||    88
       Skin              |       |     6 |    12 |     7 ||    25
       Steam dragon scal |       |       |    37 |    10 ||    47
Dodge: Dodged            |    30 |    80 |   257 |    76 ||   443
Block: Other             |       |    24 |   104 |    22 ||   150
       Reflection        |       |     1 |     1 |       ||     2

Levels and vault maps discovered:
D:1:      psy_arrival_radial02, layout_basic, shapermc_ecumenical_altar_gd,
          minmay_misc_feat_alley
D:2:      layout_basic
D:3:      layout_basic, overflow_temple_1_default
D:4:      layout_cave_pools, serial_park, serial_park_tiny_pond,
          serial_park_square1 [serial_park_minivault_5x5_6],
          serial_park_avenue1, serial_park_square1
          [serial_park_minivault_5x5_1], serial_park_square1
          [serial_park_minivault_5x5_2], serial_park_tiny_pond, uniq_duvessa
D:5:      black_bear_nest_2, layout_basic
D:6:      layout_loops_ring, nicolae_dithmenos_the_darkroom,
          mainiacjoe_overflow_paths, minmay_temple_entry_tees,
          ebering_ghost_sewer_f, kennysheep_windowed_goal, uniq_maggie,
          uniq_eustachio
D:7:      layout_loops_ring, grunt_gozag_statues, enter_bailey_4
D:8:      layout_loops_corners, minmay_fountain_box, amethyst_killhole
D:9:      layout_long_grid, nicolae_hepliaklqana_hazy_memory, serial_shops,
          nicolae_shop_overgrown_old_shop
D:10:     layout_loops_cross, mainiacjoe_overflow_brackets, special_room
          [special_room_bee], uniq_lodul
D:11:     layout_cave_pools, david_lair_shrubbed, serial_shops, shop
Temple:   minmay_temple_bridge_d

Notes
Turn   | Place    | Note
-------+----------+-------------------------------------------
     0 | D:1      | spaghetti the Naga Venom Mage began the quest for the Orb.
     0 | D:1      | Reached XP level 1. HP: 15/15 MP: 3/3
     0 | D:1      | magus.rc [v1.9.6]
   232 | D:1      | Found a faded altar of an unknown god.
   241 | D:1      | Reached XP level 2. HP: 22/22 MP: 3/5
   430 | D:1      | Reached skill level 5 in Poison Magic
  1326 | D:1      | Learned a level 2 spell: Poisonous Vapours
  1471 | D:2      | Reached XP level 3. HP: 28/28 MP: 4/6
  1567 | D:2      | You pick up a book of Dreams and begin reading...
  1567 | D:2      | You add the spells Ensorcelled Hibernation, Spider Form and
                  | Anguish to your library.
  1641 | D:2      | Learned a level 3 spell: Spider Form
  2701 | D:2      | Reached skill level 6 in Poison Magic
  2701 | D:2      | Reached XP level 4. HP: 36/36 MP: 2/7
  3026 | D:3      | You pick up a book of Vapours and begin reading...
  3069 | D:3      | Reached skill level 2 in Transmutations
  3237 | D:3      | Found a hide-covered altar of Uskayaw.
  4089 | D:4      | Noticed a phantom
  4090 | D:4      | Noticed a kobold brigand
  4098 | D:3      | HP: 7/36 [orc/+0 hand axe (5)]
  4104 | D:3      | HP: 8/36 [orc/+0 hand axe (3)]
  4353 | D:4      | Noticed a necrophage
  4365 | D:4      | HP: 8/36 [ufetubus (5)]
  4371 | D:4      | HP: 7/36 [phantom (7)]
  4374 | D:4      | Killed a phantom
  4375 | D:4      | Reached skill level 3 in Transmutations
  4375 | D:4      | Reached XP level 5. HP: 13/42 MP: 6/8
  4377 | D:4      | Reached skill level 7 in Poison Magic
  4451 | D:4      | Killed a kobold brigand
  4452 | D:4      | Reached XP level 6. HP: 21/49 MP: 3/9
  4722 | D:4      | Reached skill level 4 in Transmutations
  4996 | D:4      | Noticed Dowan
  4996 | D:4      | Noticed Duvessa
  5017 | D:4      | Killed Duvessa
  5018 | D:4      | Reached skill level 8 in Poison Magic
  5018 | D:4      | Reached XP level 7. HP: 35/55 MP: 2/10
  5024 | D:4      | Killed Dowan
  5618 | D:5      | Entered Level 5 of the Dungeon
  5679 | D:5      | HP: 13/54 [acid (9)]
  5681 | D:5      | Reached skill level 5 in Transmutations
  5682 | D:5      | Reached skill level 9 in Poison Magic
  6369 | D:5      | You pick up a book of Iron and begin reading...
  6369 | D:5      | You add the spells Animate Armour, Blade Hands and Iron
                  | Shot to your library.
  6406 | D:5      | Reached XP level 8. HP: 48/62 MP: 9/11
  6483 | D:5      | Learned a level 5 spell: Blade Hands
  6765 | D:5      | Reached skill level 6 in Transmutations
  6974 | D:5      | Reached skill level 2 in Dodging
  6974 | D:5      | Reached skill level 1 in Unarmed Combat
  7656 | D:5      | HP: 9/62 [ice beast (7)]
  7974 | D:6      | HP: 14/62 [centaur/arrow (12)]
  7980 | D:6      | Reached skill level 2 in Unarmed Combat
  8160 | D:6      | Reached skill level 10 in Poison Magic
  8247 | D:6      | HP: 13/62 [ice beast (3)]
  8254 | D:6      | HP: 13/62 [ice beast (6)]
  8256 | D:6      | Reached skill level 7 in Transmutations
  8580 | D:6      | Found a basalt altar of Yredelemnul.
  8580 | D:6      | Noticed Eustachio
  8759 | D:6      | Killed Eustachio
  8760 | D:6      | Reached skill level 3 in Dodging
  8760 | D:6      | Reached skill level 3 in Unarmed Combat
  8760 | D:6      | Reached XP level 9. HP: 26/68 MP: 1/12
  9147 | D:6      | Found a runed translucent door.
  9307 | D:6      | Noticed Psyclone's ghost (novice OpIE)
  9372 | D:6      | Found a shadowy altar of Dithmenos.
  9476 | D:6      | You pick up a book of Misfortune and begin reading...
  9476 | D:6      | You add the spells Confusing Touch, Yara's Violent
                  | Unravelling and Enfeeble to your library.
  9486 | D:6      | You pick up a book of Changes and begin reading...
  9486 | D:6      | You add the spells Beastly Appendage and Wereblood to your
                  | library.
  9549 | D:6      | Noticed Maggie
  9560 | D:6      | HP: 7/68 [Maggie/bolt of fire (18)]
  9566 | D:6      | Killed Maggie
  9813 | D:6      | Found a staircase to the Ecumenical Temple.
  9892 | D:6      | Found a runed translucent door.
  9975 | Temple   | Entered the Ecumenical Temple
 10271 | Temple   | Became a worshipper of Ru the Awakened
 10780 | D:7      | Reached skill level 8 in Transmutations
 11405 | D:7      | Identified the +2 chain mail of the Old and Reckless {rPois
                  | rN+ Dex-3}
 11781 | D:7      | Found an opulent altar of Gozag.
 12077 | D:8      | Reached skill level 4 in Unarmed Combat
 12307 | D:8      | Learned a level 2 spell: Wereblood
 12354 | D:8      | Reached skill level 11 in Poison Magic
 12494 | D:8      | Reached skill level 4 in Dodging
 12534 | D:8      | Gained mutation: You are sensitive to extremes of
                  | temperature. (rF-, rC-) [Ru sacrifice]
 12534 | D:8      | Reached * piety under Ru
 12534 | D:8      | Reached ** piety under Ru
 12758 | D:8      | Reached skill level 3 in Spellcasting
 12758 | D:8      | Reached XP level 10. HP: 75/75 MP: 14/14
 12781 | D:8      | Reached skill level 9 in Transmutations
 13549 | D:8      | Noticed a cyclops
 13557 | D:8      | Gained mutation: Your spells are a little easier to cast,
                  | but a little less powerful. [potion of mutation]
 13557 | D:8      | Gained mutation: You are partially covered in iridescent
                  | scales. (AC +2) [potion of mutation]
 13557 | D:8      | Gained mutation: You possess an exceptional clarity of
                  | mind. [potion of mutation]
 13565 | D:8      | Killed a cyclops
 13886 | D:9      | Reached skill level 5 in Unarmed Combat
 14133 | D:9      | Found a hazy altar of Hepliaklqana.
 14242 | D:9      | Found Jyzast's Antique Weapon Shop.
 14250 | D:9      | Bought a transparent halberd for 243 gold pieces
 14250 | D:9      | Identified the +6 halberd of Renetu {flame, rCorr Str+3}
                  | (You bought it in a shop on level 9 of the Dungeon)
 14464 | D:9      | Noticed a centaur warrior
 14477 | D:9      | HP: 17/75 [centaur warrior (2)]
 14480 | D:9      | HP: 4/75 [centaur warrior (7)]
 14481 | D:9      | Killed a centaur warrior
 14482 | D:9      | Reached skill level 4 in Spellcasting
 14818 | D:9      | Learned a level 4 spell: Olgreb's Toxic Radiance
 15117 | D:10     | Entered Level 10 of the Dungeon
 15117 | D:10     | Noticed a kobold demonologist
 15117 | D:10     | You fall into a shaft and drop 1 floor!
 15117 | D:11     | Found Wappaf's Jewellery Shop.
 15129 | D:11     | Reached skill level 10 in Transmutations
 15244 | D:10     | Noticed a two-headed ogre
 15245 | D:10     | Noticed a two-headed ogre
 15246 | D:10     | Noticed a two-headed ogre
 15247 | D:10     | Noticed a two-headed ogre
 15254 | D:10     | Reached skill level 5 in Dodging
 15259 | D:10     | Killed a two-headed ogre
 15263 | D:10     | Noticed a two-headed ogre
 15266 | D:10     | Noticed Lodul
 15266 | D:10     | HP: 6/75 [two-headed ogre/+0 giant club (15)]
 15267 | D:10     | Killed a two-headed ogre
 15268 | D:10     | Reached skill level 6 in Unarmed Combat
 15268 | D:10     | Reached XP level 11. HP: 9/81 MP: 8/18
 15271 | D:10     | HP: 2/81 [two-headed ogre/+0 giant club (8)]
 15277 | D:10     | Killed a two-headed ogre
 15277 | D:10     | Killed from afar by Lodul

Vanquished Creatures
  A centaur warrior (D:9)
  3 two-headed ogres (D:10)
  A cyclops (D:8)
  Maggie (D:6)
  A shadow (D:11)
  Eustachio (D:6)
  4 water moccasins
  An orc warrior (D:8)
  Duvessa (D:4)
  A sky beast (D:6)
  2 black bears
  2 ogres (D:10)
  4 ice beasts
  3 centaurs
  A phantom (D:4)
  3 kobold brigands
  5 bullfrogs
  3 scorpions
  3 necrophages
  5 wights (D:8)
  Dowan (D:4)
  3 killer bees (D:9)
  3 howler monkeys (D:8)
  4 hounds
  2 gnoll shamans (D:7)
  A jelly (D:5)
  2 iguanas
  3 orc priests
  2 orc wizards (D:8)
  6 gnolls (D:7)
  11 adders
  A shadow imp (D:7)
  A white imp (D:5)
  3 ufetubi
  3 dart slugs (D:4)
  29 orcs
  4 ball pythons
  5 endoplasms
  2 giant cockroaches
  8 goblins
  6 hobgoblins
  8 quokkas
  10 bats
  3 frilled lizards
  14 kobolds
  4 rats
185 creatures vanquished.

Vanquished Creatures (others)
  An orc warrior (D:8)
1 creature vanquished.

Grand Total: 186 creatures vanquished

Table legend:
 A = Non-vault XP
 B = Vault XP
 C = Vault XP percentage of total XP
 D = Non-vault monster count
 E = Vault monster count
 F = Vault count percentage of total count
                 A         B        C        D         E       F
            +---------+---------+-------+---------+---------+-------
      Total |    6495 |    3710 |  36.4 |     170 |      16 |   8.6
            +---------+---------+-------+---------+---------+-------
        D:1 |      33 |       0 |   0.0 |      21 |       0 |   0.0
        D:2 |      51 |       0 |   0.0 |      18 |       0 |   0.0
        D:3 |     154 |       0 |   0.0 |      20 |       0 |   0.0
        D:4 |     371 |     202 |  35.3 |      14 |       2 |  12.5
        D:5 |     860 |     126 |  12.8 |      19 |       1 |   5.0
        D:6 |     743 |     669 |  47.4 |      11 |       3 |  21.4
        D:7 |     533 |      13 |   2.4 |      21 |       5 |  19.2
        D:8 |    2157 |       0 |   0.0 |      35 |       0 |   0.0
        D:9 |    1374 |       0 |   0.0 |      10 |       0 |   0.0
       D:10 |       0 |    2700 | 100.0 |       0 |       5 | 100.0
       D:11 |     219 |       0 |   0.0 |       1 |       0 |   0.0
            +---------+---------+-------+---------+---------+-------

Illustrated notes

Table legend:
 A = Kills in this place as a percentage of kills in entire the game.
 B = Kills by you in this place as a percentage of kills by you in the entire game.
 C = Kills by friends in this place as a percentage of kills by friends in the entire game.
 D = Other kills in this place as a percentage of other kills in the entire game.
 E = Experience gained in this place as a percentage of experience gained in the entire game.
 F = Experience gained in this place divided by the number of levels of this place that you have seen.
                   A       B       C       D       E      F
               +-------+-------+-------+-------+-------+----------------------
         Total | 100.0 | 100.0 |   N/A | 100.0 | 100.0 | 850.4
       Dungeon | 100.0 | 100.0 |   N/A | 100.0 | 100.0 | 927.7
               +-------+-------+-------+-------+-------+----------------------

Table legend: (Time is in decaauts)
 A = Elapsed time spent in this place.
 B = Non-inter-level travel time spent in this place.
 C = Inter-level travel time spent in this place.
 D = Time resting spent in this place.
 E = Time spent auto-exploring this place.
 F = Levels seen in this place.
 G = Mean time per level.
                   A        B        C        D        E       F      G
               +--------+--------+--------+--------+--------+-----+--------+
         Total |  17741 |  17153 |    588 |   3202 |  12273 |  12 | 1478.4 |
       Dungeon |  17230 |  16837 |    393 |   3202 |  11974 |  11 | 1566.4 |
        Temple |    511 |    317 |    194 |      0 |    298 |   1 |  511.0 |
               +--------+--------+--------+--------+--------+-----+--------+

Top non-repeatable levels by time:
     D:5: 2620 daAuts
     D:6: 2466 daAuts
     D:8: 2166 daAuts
     D:3: 2042 daAuts
     D:1: 1779 daAuts
     D:7: 1723 daAuts
     D:2: 1687 daAuts
     D:9: 1457 daAuts
     D:4: 1109 daAuts
  Temple: 511 daAuts
    D:10: 158 daAuts
    D:11: 19 daAuts
